AAA
EVANSVILLE TRIPLETS @ TACOMA RAINIERS
07/14/2052
 
TOP OF THE 1ST
Edmonton Edge batting - Pitching for Nashville Sounds : RHP Alex Dominguez
Pitching: RHP Alex Dominguez
Batting: RHB Adony Ortiz 0-0: Called Strike
0-1: Fly out, F3 (Popup, 3S, EV 68.1 MPH)
Batting: RHB Uriel Roberts 0-0: Called Strike
0-1: Swinging Strike
0-2: Ball
1-2: Foul Ball, location: 2F
1-2: Foul Ball, location: 2F
1-2: Strikes out swinging
Batting: LHB Johan Paquette 0-0: Ball
1-0: Ground out U3 (Groundball, 3, EV 88.1 MPH)
Top of the 1st over - 0 runs, 0 hits, 0 errors, 0 left on base; Edmonton 0 - Nashville 0
BOTTOM OF THE 1ST
Nashville Sounds batting - Pitching for Edmonton Edge : LHP Jameson Jancik
Pitching: LHP Jameson Jancik
Batting: LHB Odúbel Díaz 0-0: Ground out 4-3 (Groundball, 4M, EV 83.1 MPH)
Batting: RHB Jeffrey Cade 0-0: Ball
1-0: SINGLE (Line Drive, 3D, EV 94.4 MPH)
Batting: RHB Gerardo Frias 0-0: Ball
1-0: Foul Ball, location: 2F
1-1: Swinging Strike
1-2: Ball
2-2: Foul Ball, location: 2F
2-2: Ball
3-2: Strikes out looking
Jeffrey Cade is caught stealing 2nd base 2-4
Batter strikes out.
Bottom of the 1st over - 0 runs, 1 hit, 0 errors, 0 left on base; Edmonton 0 - Nashville 0
TOP OF THE 2ND
Edmonton Edge batting - Pitching for Nashville Sounds : RHP Alex Dominguez
Batting: RHB Garvey Barone 0-0: Ball
1-0: SINGLE (Line Drive, 89M, EV 89.4 MPH)
Batting: SHB Lenny Antoine 0-0: Called Strike
0-1: Called Strike
Garvey Barone is caught stealing 2nd base 2-6
0-2: Ball
1-2: Ball
2-2: SINGLE (Line Drive, 4M, EV 97.5 MPH)
Batting: RHB Domingo Ortega 0-0: Foul Ball, location: 2F
0-1: Foul Ball, location: 2F
0-2: Ball
1-2: Foul Ball, location: 2F
Balk!
Lenny Antoine to second
1-2: Foul Ball, location: 2F
1-2: Ball
2-2: Strikes out swinging
Batting: SHB Jeff Legrone 0-0: Ball
1-0: Ground out 4-3 (Groundball, 4S, EV 81.9 MPH)
Top of the 2nd over - 0 runs, 2 hits, 0 errors, 1 left on base; Edmonton 0 - Nashville 0
BOTTOM OF THE 2ND
Nashville Sounds batting - Pitching for Edmonton Edge : LHP Jameson Jancik
Batting: RHB Grayson Burdick 0-0: Called Strike
0-1: Ball
1-1: Swinging Strike
1-2: Foul Ball, location: 2F
1-2: Foul Ball, location: 2F
1-2: Foul Ball, location: 2F
1-2: Strikes out swinging
Batting: LHB D.J. Jordan 0-0: Called Strike
0-1: Ball
1-1: SINGLE (Groundball, 6MD, EV 108.8 MPH)
Batting: RHB Kiefer Thibodeau 0-0: Ball
1-0: Called Strike
1-1: Ball
2-1: Foul Ball, location: 2F
2-2: Strikes out swinging
Batting: RHB Langston Krauss 0-0: Ball
1-0: Called Strike
1-1: Swinging Strike
1-2: Foul Ball, location: 2F
1-2: Fly out, F8 (Flyball, 8RD, EV 97.5 MPH)
Bottom of the 2nd over - 0 runs, 1 hit, 0 errors, 1 left on base; Edmonton 0 - Nashville 0
TOP OF THE 3RD
Edmonton Edge batting - Pitching for Nashville Sounds : RHP Alex Dominguez
Batting: SHB Joe Taylor 0-0: Ball
1-0: Ball
2-0: Ball
3-0: Called Strike
3-1: Base on Balls
Batting: RHB Sidney Agee 0-0: Swinging Strike
0-1: Ball
1-1: Ball
2-1: Foul Ball, location: 2F
2-2: Ball
3-2: Foul Ball, location: 2F
3-2: SINGLE (Groundball, 6M, EV 108.1 MPH) (infield hit)
Joe Taylor to second
Batting: RHB Adony Ortiz 0-0: Ball
1-0: Ball
2-0: Foul Ball, location: 2F
2-1: Foul Ball, location: 2F
2-2: Hit by Pitch
Joe Taylor to third
Sidney Agee to second
Batting: RHB Uriel Roberts 0-0: Foul Ball, location: 2F
0-1: Ball
1-1: Foul Ball, location: 2F
1-2: Ground out 5-3 (Groundball, 56S, EV 73.8 MPH)
Joe Taylor scores
Sidney Agee to third
Adony Ortiz to second
Batting: LHB Johan Paquette 0-0: Called Strike
0-1: DOUBLE (Groundball, 3L, EV 103.8 MPH)
Sidney Agee scores
Adony Ortiz scores
Batting: RHB Garvey Barone 0-0: Ball
1-0: Foul Ball, location: 2F
1-1: Ground out 6-3 (Groundball, 56D, EV 77.5 MPH)
Batting: SHB Lenny Antoine 0-0: Foul Ball, location: 2F
0-1: Ball
1-1: Foul Ball, location: 2F
1-2: Ball
2-2: Strikes out swinging
Top of the 3rd over - 3 runs, 2 hits, 0 errors, 1 left on base; Edmonton 3 - Nashville 0
BOTTOM OF THE 3RD
Nashville Sounds batting - Pitching for Edmonton Edge : LHP Jameson Jancik
Batting: RHB Jeff Laberge 0-0: Called Strike
0-1: Ball
1-1: Ball
2-1: Called Strike
2-2: Foul Ball, location: 2F
2-2: Foul Ball, location: 2F
2-2: Ball
3-2: Base on Balls
Batting: RHB Fraylin Matos 0-0: Ball
1-0: Foul Ball, location: 2F
1-1: Ball
2-1: Ball
3-1: Fly out, F4 (Popup, 3, EV 63.1 MPH)
Batting: LHB Odúbel Díaz 0-0: Ball
1-0: Ball
2-0: Ball
3-0: Called Strike
3-1: Swinging Strike
3-2: Fielders Choice at 2nd, 5-4 (Groundball, 5, EV 88.1 MPH)
Batting: RHB Jeffrey Cade 0-0: Called Strike
0-1: Ball
1-1: Foul Ball, location: 2F
1-2: Ball
2-2: Foul Ball, location: 2F
2-2: Strikes out swinging
Bottom of the 3rd over - 0 runs, 0 hits, 0 errors, 1 left on base; Edmonton 3 - Nashville 0
TOP OF THE 4TH
Edmonton Edge batting - Pitching for Nashville Sounds : RHP Alex Dominguez
Batting: RHB Domingo Ortega 0-0: Called Strike
0-1: Called Strike
0-2: Ball
1-2: Fly out, F3 (Popup, 3F, EV 71.9 MPH)
Batting: SHB Jeff Legrone 0-0: Ball
1-0: Ball
2-0: Called Strike
2-1: SINGLE (Groundball, 6M, EV 103.1 MPH) (infield hit)
Batting: SHB Joe Taylor 0-0: Swinging Strike
0-1: Called Strike
0-2: Foul Ball, location: 2F
0-2: Ball
1-2: Foul Ball, location: 2F
1-2: Grounds into double play, 4-6-3 (Groundball, 4, EV 100.6 MPH)
Top of the 4th over - 0 runs, 1 hit, 0 errors, 0 left on base; Edmonton 3 - Nashville 0
BOTTOM OF THE 4TH
Nashville Sounds batting - Pitching for Edmonton Edge : LHP Jameson Jancik
Batting: RHB Gerardo Frias 0-0: Ball
1-0: Foul Ball, location: 2F
1-1: Swinging Strike
1-2: Fly out, F9 (Flyball, 9LS, EV 85.0 MPH)
Batting: RHB Grayson Burdick 0-0: Fly out, F9 (Flyball, 9, EV 74.4 MPH)
Batting: LHB D.J. Jordan 0-0: SINGLE (Line Drive, 8RS, EV 91.9 MPH)
Batting: RHB Kiefer Thibodeau 0-0: Called Strike
0-1: Ball
1-1: Ball
2-1: Foul Ball, location: 2F
2-2: DOUBLE (Line Drive, 89M, EV 108.8 MPH)
D.J. Jordan to third
Batting: RHB Langston Krauss 0-0: Ground out 6-3 (Groundball, 6MD, EV 81.2 MPH)
Bottom of the 4th over - 0 runs, 2 hits, 0 errors, 2 left on base; Edmonton 3 - Nashville 0
TOP OF THE 5TH
Edmonton Edge batting - Pitching for Nashville Sounds : RHP Alex Dominguez
Batting: RHB Sidney Agee 0-0: Called Strike
0-1: Foul Ball, location: 2F
0-2: Strikes out looking
Batting: RHB Adony Ortiz 0-0: Called Strike
0-1: Ball
1-1: Ball
2-1: Called Strike
2-2: Ball
3-2: DOUBLE (Flyball, 8RXD, EV 110.6 MPH)
Batting: RHB Uriel Roberts 0-0: Fly out, F7 (Flyball, 7D, EV 78.8 MPH)
Runner from 2nd tags up, SAFE at 3rd, no throw by LF
Batting: LHB Johan Paquette 0-0: Ball
1-0: Ground out 6-3 (Groundball, 56, EV 105.0 MPH)
Top of the 5th over - 0 runs, 1 hit, 0 errors, 1 left on base; Edmonton 3 - Nashville 0
BOTTOM OF THE 5TH
Nashville Sounds batting - Pitching for Edmonton Edge : LHP Jameson Jancik
Batting: RHB Jeff Laberge 0-0: Foul Ball, location: 2F
0-1: Ball
1-1: Ball
2-1: Ball
3-1: DOUBLE (Line Drive, 5D, EV 101.9 MPH)
Batting: RHB Fraylin Matos 0-0: Ball
1-0: Ball
2-0: Foul Ball, location: 2F
2-1: Called Strike
2-2: Strikes out looking
Batting: LHB Odúbel Díaz 0-0: Fly out, F8 (Flyball, 8LS, EV 83.1 MPH)
Batting: RHB Jeffrey Cade 0-0: Ball
1-0: Swinging Strike
1-1: Called Strike
1-2: Ball
2-2: Strikes out looking
Bottom of the 5th over - 0 runs, 1 hit, 0 errors, 1 left on base; Edmonton 3 - Nashville 0
TOP OF THE 6TH
Edmonton Edge batting - Pitching for Nashville Sounds : RHP Alex Dominguez
Batting: RHB Garvey Barone 0-0: Fly out, F7 (Line Drive, 78M, EV 106.9 MPH)
Batting: SHB Lenny Antoine 0-0: Fly out, F9 (Flyball, 9S, EV 77.5 MPH)
Batting: RHB Domingo Ortega 0-0: Ball
1-0: Ball
2-0: Ball
3-0: Base on Balls
Batting: SHB Jeff Legrone 0-0: Foul Ball, location: 2F
0-1: SINGLE (Flyball, 8LS, EV 86.9 MPH)
Domingo Ortega to second
Batting: SHB Joe Taylor 0-0: Swinging Strike
0-1: Called Strike
0-2: Ball
1-2: Ground out 5-3 (Groundball, 56S, EV 69.4 MPH)
Top of the 6th over - 0 runs, 1 hit, 0 errors, 2 left on base; Edmonton 3 - Nashville 0
BOTTOM OF THE 6TH
Nashville Sounds batting - Pitching for Edmonton Edge : LHP Jameson Jancik
Batting: RHB Gerardo Frias 0-0: Called Strike
0-1: Ball
1-1: Called Strike
1-2: SINGLE (Groundball, 25, EV 62.5 MPH) (infield hit)
Batting: RHB Grayson Burdick 0-0: Called Strike
Gerardo Frias steals 2nd base
0-1: SINGLE (Groundball, 34D, EV 99.4 MPH)
Gerardo Frias to third
Batting: LHB D.J. Jordan 0-0: Called Strike
0-1: Ball
1-1: Ball
2-1: Fly out, F6 (Popup, 6MS, EV 73.8 MPH)
Batting: RHB Kiefer Thibodeau 0-0: Ball
1-0: Called Strike
Grayson Burdick steals 2nd base
1-1: Swinging Strike
1-2: Ball
2-2: Ball
3-2: Fly out, F8 (Flyball, 8RS, EV 95.6 MPH)
Pitching: RHP Roberto Ruelas
Batting: RHB Langston Krauss 0-0: Ball
1-0: Called Strike
1-1: Foul Ball, location: 2F
1-2: Ball
2-2: Ball
3-2: Base on Balls
Pinch Hitting: RHB Chuck Floyd 0-0: Ball
1-0: Foul Ball, location: 2F
1-1: Ball
2-1: Fly out, F3 (Popup, 3F, EV 64.4 MPH)
Bottom of the 6th over - 0 runs, 2 hits, 0 errors, 3 left on base; Edmonton 3 - Nashville 0
TOP OF THE 7TH
Edmonton Edge batting - Pitching for Nashville Sounds : RHP Alex Dominguez
Now at 2B: Luca O'Brien
Batting: RHB Sidney Agee 0-0: Ball
1-0: Called Strike
1-1: Foul Ball, location: 2F
1-2: TRIPLE (Flyball, 89XD, EV 89.4 MPH)
Batting: RHB Adony Ortiz 0-0: Ball
1-0: Ball
2-0: Foul Ball, location: 2F
2-1: Fly out, F8 (Flyball, 8LD, EV 74.4 MPH)
Runner from 3rd tags up, SCORES, throw by CF
Batting: RHB Uriel Roberts 0-0: Fly out, F9 (Line Drive, 89M, EV 99.4 MPH)
Batting: LHB Johan Paquette 0-0: Swinging Strike
0-1: Fly out, F9 (Flyball, 9, EV 86.9 MPH)
Top of the 7th over - 1 run, 1 hit, 0 errors, 0 left on base; Edmonton 4 - Nashville 0
BOTTOM OF THE 7TH
Nashville Sounds batting - Pitching for Edmonton Edge : RHP Roberto Ruelas
Batting: RHB Fraylin Matos 0-0: Called Strike
0-1: Ground out 6-3 (Groundball, 6, EV 102.5 MPH)
Batting: LHB Odúbel Díaz 0-0: Foul Ball, location: 2F
0-1: Called Strike
0-2: Foul Ball, location: 2F
0-2: Ball
1-2: Ball
2-2: Strikes out swinging, 2-3 out at first.
Batting: RHB Jeffrey Cade 0-0: Ball
1-0: Foul Ball, location: 2F
1-1: Ball
2-1: Fly out, F8 (Flyball, 8LXD, EV 80.0 MPH)
Bottom of the 7th over - 0 runs, 0 hits, 0 errors, 0 left on base; Edmonton 4 - Nashville 0
TOP OF THE 8TH
Edmonton Edge batting - Pitching for Nashville Sounds : RHP Alex Dominguez
Batting: RHB Garvey Barone 0-0: Ground out 4-3 (Groundball, 4, EV 99.4 MPH)
Pitching: RHP Ian Chaikin
Batting: SHB Lenny Antoine 0-0: Ground out U3 (Groundball, 34S, EV 88.8 MPH)
Batting: RHB Domingo Ortega 0-0: Ball
1-0: Ball
2-0: Ball
3-0: Base on Balls
Batting: SHB Jeff Legrone 0-0: Ball
1-0: Foul Ball, location: 2F
1-1: Called Strike
1-2: Ball
2-2: SINGLE (Groundball, 34D, EV 101.2 MPH)
Domingo Ortega to second
Runner from 2nd tries for 3rd, SAFE, no throw by RF
Batting: SHB Joe Taylor 0-0: Ball
1-0: Fly out, F3 (Popup, 34S, EV 80.6 MPH)
Top of the 8th over - 0 runs, 1 hit, 0 errors, 2 left on base; Edmonton 4 - Nashville 0
BOTTOM OF THE 8TH
Nashville Sounds batting - Pitching for Edmonton Edge : RHP Roberto Ruelas
Batting: RHB Gerardo Frias 0-0: Called Strike
0-1: SINGLE (Groundball, 4MS, EV 71.2 MPH) (infield hit)
Batting: RHB Grayson Burdick 0-0: Ball
1-0: Fly out, F7 (Flyball, 7, EV 87.5 MPH)
Pitching: LHP Gunner Davis
Batting: LHB D.J. Jordan 0-0: Ball
1-0: Ball
2-0: Fielders Choice at 2nd, 1-6 (Groundball, 34S, EV 70.6 MPH)
Batting: RHB Kiefer Thibodeau 0-0: Ball
1-0: Ball
2-0: Ball
3-0: Called Strike
3-1: Called Strike
3-2: Base on Balls
D.J. Jordan to second
Batting: RHB Langston Krauss 0-0: Ball
1-0: Foul Ball, location: 2F
1-1: Foul Ball, location: 2F
1-2: SINGLE (Groundball, 6MD, EV 101.9 MPH)
D.J. Jordan to third
Kiefer Thibodeau to second
Runner from 3rd tries for Home, throw by CF and OUT! 8-2
Bottom of the 8th over - 0 runs, 2 hits, 0 errors, 2 left on base; Edmonton 4 - Nashville 0
TOP OF THE 9TH
Edmonton Edge batting - Pitching for Nashville Sounds : RHP Ian Chaikin
Pinch Hitting: SHB Ulisseo Mendoza 0-0: Called Strike
0-1: Ball
1-1: Ball
2-1: Fly out, F5 (Popup, 5F, EV 79.4 MPH)
Batting: RHB Adony Ortiz 0-0: Called Strike
0-1: Foul Ball, location: 2F
0-2: DOUBLE (Flyball, 78D, EV 95.0 MPH)
Batting: RHB Uriel Roberts 0-0: Called Strike
0-1: SINGLE (Line Drive, 5L, EV 98.8 MPH)
Adony Ortiz to third
Runner from 3rd tries for Home, SAFE, throw by LF to home
Batting: LHB Johan Paquette 0-0: Ball
1-0: Ball
2-0: Swinging Strike
2-1: Foul Ball, location: 2F
2-2: Foul Ball, location: 2F
2-2: Foul Ball, location: 2F
2-2: Foul Ball, location: 2F
2-2: Fly out, F9 (Line Drive, 9, EV 89.4 MPH)
Batting: RHB Garvey Barone 0-0: Ball
1-0: Ball
2-0: Ball
3-0: Base on Balls
Uriel Roberts to second
Batting: SHB Lenny Antoine 0-0: Called Strike
0-1: Ball
1-1: Swinging Strike
1-2: Ball
2-2: Foul Ball, location: 2F
2-2: Strikes out swinging
Top of the 9th over - 1 run, 2 hits, 0 errors, 2 left on base; Edmonton 5 - Nashville 0
BOTTOM OF THE 9TH
Nashville Sounds batting - Pitching for Edmonton Edge : LHP Gunner Davis
Now at SS: Ivan Liddell
Batting: RHB Luca O'Brien 0-0: Foul Ball, location: 2F
0-1: Ball
1-1: Swinging Strike
1-2: Ball
2-2: Strikes out swinging, 2-3 out at first.
Batting: RHB Fraylin Matos 0-0: Reached on error, E4 (Groundball, 4MS, EV 84.4 MPH)
Batting: LHB Odúbel Díaz 0-0: Ball
1-0: Foul Ball, location: 2F
1-1: Foul Ball, location: 2F
1-2: Ball
2-2: Ground out 5-3 (Groundball, 56S, EV 69.4 MPH)
Fraylin Matos to third
Batting: RHB Jeffrey Cade 0-0: Called Strike
0-1: Ball
1-1: Ball
2-1: Foul Ball, location: 2F
2-2: Fly out, F8 (Line Drive, 8RD, EV 91.9 MPH)
Bottom of the 9th over - 0 runs, 0 hits, 1 error, 1 left on base; Edmonton 5 - Nashville 0
Sunday, April 28th , 2024 - OOTP Baseball 24.11 Build 85